Cogmind - Beta 13 @@@ ROGUE MODE // 2024.04.01 @ 00:49:39 Player: lazy_engineer Result: Destroyed by G-47 Trooper with Particle Gun Performance ------------- Evolutions (0) 0 Regions Visited (1) 200 Robots Destroyed (11) 55 Value Destroyed (300) 300 Prototype IDs (0) 0 Alien Tech Used (0) 0 Bonus (0) 0 TOTAL SCORE: 555 Bonus ------- None Cogmind --------- Core Integrity 0/250 Matter 243/300 Energy 100/100 System Corruption 1% Temperature Cool (9) Movement Core (150) Ox2 Location -10/Materials Parts ------- > --- POWER (1) -------- (None) > --- PROPULSION (2) --- (None) > --- UTILITY (2) ------ Small Storage Unit Sensor Array > --- WEAPON (2) ------- Assault Rifle > --- INVENTORY (8) ---- Light Nuclear Core Improved Heat Sink High-capacity Storage Unit Sensor Array Signal Interpreter Welding Torch Peak State ------------ > --- POWER ------------ Light Ion Engine > --- PROPULSION ------- Aluminum Leg Aluminum Leg > --- UTILITY ---------- Small Storage Unit Sensor Array > --- WEAPON ----------- Assault Rifle Grenade Launcher > --- INVENTORY -------- Light Nuclear Core Improved Heat Sink Sensor Array Sensor Array Tractor Beam Mining Laser Welding Torch [Rating: 8] Favorites ----------- Power Light Ion Engine Engine Light Ion Engine Propulsion Hover Unit Leg Aluminum Leg Wheel Wheel Hover Unit Hover Unit Flight Unit Flight Unit Utility Small Storage Unit Device Tractor Beam Storage Small Storage Unit Weapon Assault Rifle Ballistic Gun Assault Rifle Launcher Grenade Launcher Special Weapon Welding Torch Build | -11 -10 ------- Run | Yrd Mat Slots Evolved . | . . Power . | . . Propulsion . | . . Utility . | . . Weapon . | . . Parts Attached 26 | 8 18 Power 2 | 1 1 Engine 2 | 1 1 Core . | . . Reactor . | . . Propulsion 10 | 3 7 Treads . | . . Leg 3 | . 3 Wheel 3 | 3 . Hover 3 | . 3 Flight 1 | . 1 Utility 4 | 2 2 Device 3 | 1 2 Storage 1 | 1 . Processor . | . . Hackware . | . . Protection . | . . Artifact . | . . Weapon 10 | 2 8 Energy Gun . | . . Energy Cannon . | . . Ballistic Gun 6 | 2 4 Ballistic Cannon . | . . Launcher 2 | . 2 Special Weapon 2 | . 2 Impact Weapon . | . . Slashing Weapon . | . . Piercing Weapon . | . . Special Melee Weapon . | . . Unidentified Prototypes . | . . Parts Lost 8 | . 8 Power 1 | . 1 Propulsion 5 | . 5 Utility . | . . Weapon 2 | . 2 Highest Loss Streak 3 | . 3 To Critical Strikes . | . . Average Slot Usage (%) 75 | . 75 Engine 9 | . 9 Leg 5 | . 5 Hover 9 | . 9 Flight 3 | . 3 Device 10 | . 10 Storage 14 | . 14 Ballistic Gun 14 | . 14 Launcher 1 | . 1 Special Weapon 5 | . 5 Naked Turns . | . . Heaviest Build 14 | 13 14 Greatest Support 26 | 26 20 Greatest Overweight (x) 2 | . 2 Average Overweight (x) . | . . Largest Inventory Capacity 8 | 8 8 Average Capacity 7 | 7 8 Most Carried 8 | 5 8 Average Carried 5 | 1 5 Final Capacity 8 | 8 8 Final Carried 6 | 1 6 Class Distribution -------------------- 100% | Mutant Dominant Class ---------------- Mutant | -10/Materials Resources | -11 -10 ----------- Run | Yrd Mat Matter Collected 637 | 292 345 Remotely 92 | 78 14 Salvage Created 391 | 105 286 Parts 28 | 6 22 Haulers Intercepted . | . . Recyclers Shooed . | . . Parts Field Recycled . | . . Retrieved Matter . | . . Parts Self-Destructed . | . . Prevented . | . . Kills | -11 -10 ------- Run | Yrd Mat Combat Hostiles Destroyed 7 | . 7 Guns 5 | . 5 AOE 2 | . 2 Classes Destroyed 4 | 2 2 Tunneler 2 | 1 1 Recycler 1 | 1 . Operator 1 | . 1 Grunt 7 | . 7 Best Kill Streak 3 | 2 3 Combat Bots Only 3 | . 3 Max Kills in Single Turn 2 | 1 2 Gunslinging . | . . Exploded 1 | . 1 Melee . | . . Uniques/NPCs Destroyed . | . . Combat | -11 -10 -------- Run | Yrd Mat Hostile Shots Fired 104 | . 104 Missed 38 | . 38 Damage Taken 906 | . 906 Core 251 | . 251 Absorbed by Shields . | . . Regen/Repaired (Parts) 15 | . 15 Core Remaining (%) 100 | 100 . Volleys Fired 48 | 2 46 Largest 2 | 2 2 Hottest 50 | 40 50 Shots Fired 75 | 4 71 Gun 68 | 4 64 Cannon . | . . Launcher 7 | . 7 Special . | . . Kinetic 68 | 4 64 Thermal . | . . Explosive 7 | . 7 Electromagnetic . | . . Robot Hit Streak 9 | 3 9 Robot Miss Streak 3 | 1 3 Penetration Max . | . . Secondary Targets . | . . Shots Hit Robots 49 | 3 46 Core Hits 21 | 3 18 Critical Kills . | . . Critical Parts Destroyed . | . . Critical Strikes . | . . Melee Attacks . | . . Impact . | . . Slashing . | . . Piercing . | . . Sneak Attacks . | . . Combat Hostiles . | . . Follow-up Attacks . | . . Damage Inflicted 971 | 39 932 Guns 563 | 39 524 Cannons . | . . Explosions 408 | . 408 Melee . | . . Ramming . | . . Kinetic 563 | 39 524 Thermal . | . . Explosive 408 | . 408 Electromagnetic . | . . Impact . | . . Slashing . | . . Piercing . | . . Highest Corruption 1 | . 1 Average Corruption 1 | . 1 Corruption Purged . | . . Corruption Blocked . | . . Overload Shots . | . . Overflow Damage 30 | . 30 Projectiles . | . . Explosions 30 | . 30 Melee . | . . Knockbacks . | . . Impact . | . . Kinetic . | . . Secondary . | . . Self-Inflicted Damage 40 | . 40 Shots 1 | . 1 Rammed . | . . Targets Rammed . | . . Kicked . | . . Crushed . | . . Highest Temperature 19 | . 19 Average Temperature 5 | . 5 Received Heat Transfer 474 | . 474 Siege Activations . | . . Robots Corrupted . | . . Combat Hostiles . | . . Parts Fried . | . . Impact Corruptions . | . . Robots Melted . | . . Combat Hostiles . | . . Parts Melted . | . . Heat Transferred . | . . Parts Sabotaged . | . . Parts Stolen . | . . Parts Stripped . | . . Power Chain Reactions . | . . Alert | -11 -10 ------- Run | Yrd Mat Peak Influence 204 | 10 204 Initial 6 | . 6 Average 44 | 5 48 Maximum Alert Level 1 | . 1 Low Security (%) 98 | 100 98 Level 1 1 | . 1 Level 2 . | . . Level 3 . | . . Level 4 . | . . Level 5 . | . . High Security . | . . Max Security . | . . Squads Dispatched 2 | . 2 Investigation 1 | . 1 Extermination . | . . Reinforcement 1 | . 1 Assault . | . . Garrison . | . . Intercept . | . . Searches Triggered . | . . Construction Impeded . | . . Haulers Reinforced . | . . Active Scanning Responses . | . . Cargo Convoy Interrupts . | . . Stealth | -11 -10 --------- Run | Yrd Mat Distress Signals . | . . Communications Jammed . | . . Distress Signals . | . . Times Spotted 19 | . 19 Peak Tracking Total 6 | . 6 Tactical Retreats 1 | . 1 Traps | -11 -10 ------- Run | Yrd Mat Traps Triggered . | . . Indirectly . | . . Trap Hack Attempts . | . . Triggered . | . . Disarmed . | . . Reprogrammed . | . . Reused . | . . Traps Extracted . | . . Installed . | . . Triggered . | . . Machines | -11 -10 ---------- Run | Yrd Mat Machines Disabled . | . . Max in Single Turn . | . . Machines Repaired . | . . Machines Dismantled . | . . Machines Sabotaged . | . . Overloaded Fab Kills . | . . Hacking | -11 -10 --------- Run | Yrd Mat Machines Accessed 7 | . 7 Terminals 5 | . 5 Fabricators . | . . Repair Stations 1 | . 1 Recycling Units 1 | . 1 Scanalyzers . | . . Garrison Access . | . . Total Hacks 19 | . 19 Successful 12 | . 12 Failed 7 | . 7 Catastrophic 2 | . 2 Database Lockouts . | . . Manual . | . . Terminals 14 | . 14 Fabricators . | . . Repair Stations 2 | . 2 Recycling Units 3 | . 3 Scanalyzers . | . . Garrison Access . | . . Terminal Hacks 7 | . 7 Branch Access Points 1 | . 1 Terminal Index 1 | . 1 Scanalyzer Index 1 | . 1 Locate Traps 2 | . 2 Maintenance Status 1 | . 1 Zone Layout 1 | . 1 Fabricator Hacks . | . . Repair Station Hacks 2 | . 2 Scan Component 1 | . 1 Repair 1 | . 1 Recycling Unit Hacks 3 | . 3 Report Inventory 2 | . 2 Retrieve Components 1 | . 1 Scanalyzer . | . . Garrison Access Hacks . | . . Unauthorized Hacks . | . . Terminals . | . . Fabricators . | . . Repair Stations . | . . Recycling Units . | . . Scanalyzers . | . . Garrison Access . | . . Data Cores Recovered 1 | . 1 Used 1 | . 1 Hacking Detections 6 | . 6 Full Trace Events 2 | . 2 Feedback Events 1 | . 1 Corruption 1 | . 1 Feedback Blocked . | . . Robot Schematics Acquired . | . . Robots Built . | . . Authchips . | . . Time . | . . Total Robot Build Rating . | . . Part Schematics Acquired . | . . Parts Built . | . . Authchips . | . . Time . | . . Total Part Build Rating . | . . Parts Repaired 1 | . 1 Time 26 | . 26 Parts Recycled . | . . Recycled Matter . | . . Retrieved Matter . | . . Retrieved Components 1 | . 1 Parts Scanalyzed . | . . Part Schematics Acquired . | . . Parts Damaged . | . . Bothacking | -11 -10 ------------ Run | Yrd Mat Used RIF Installer . | . . Robots Hacked . | . . Non-combat . | . . Combat . | . . Robot Hacks Applied . | . . Relay Couplers Released . | . . Fabnet Peak Effective % . | . . Robots Rewired . | . . Allies Hacked . | . . Hacks Repelled . | . . Allies | -11 -10 -------- Run | Yrd Mat Total Allies . | . . Largest Group . | . . Highest-Rated Group . | . . Highest-Rated Ally . | . . Total Orders . | . . Ally Attacks . | . . Total Damage . | . . Kills . | . . Allies Corrupted . | . . Allies Melted . | . . Intel | -11 -10 ------- Run | Yrd Mat Robot Analysis Total . | . . Derelict Logs Recovered . | . . Drone Launches . | . . Drone Recoveries . | . . Exploration | -11 -10 ------------- Run | Yrd Mat Turns Passed 654 | 65 589 Spaces Moved 443 | 56 387 Core 30 | 17 13 Treads . | . . Legs 81 | . 81 Wheels 52 | 39 13 Hover 234 | . 234 Flight 46 | . 46 Fastest Speed 50 | 50 56 Average Speed 100 | 72 104 Slowest Speed 190 | 90 190 Overloaded Moves . | . . Propulsion Burnouts . | . . Robots Hopped . | . . Cave-ins Triggered . | . . Exploration Rate (%) 27 | 4 50 Regions Visited 1 Branch Regions . Pre-discovered Areas . | . . Known Exits Taken . | . . Unknown Exits Taken 1 | 1 . Scrap Searched . | . . Spaces Dug . | . . Terrain Destroyed 51 | . 51 Melee . | . . Projectile . | . . AOE 51 | . 51 Terrain Rammed . | . . Walls Destroyed . | . . Machines Disabled . | . . Actions | -11 -10 --------- Run | Yrd Mat Total 579 | 75 504 Wait 26 | . 26 Move 442 | 55 387 Hop . | . . Pick Up 25 | 9 16 Fast Attach 2 | . 2 Attach 19 | 7 12 Detach 3 | . 3 Swap 5 | 1 4 Drop 9 | 1 8 Fire 48 | 2 46 Melee . | . . Ram . | . . Kick . | . . Crush . | . . Escape Stasis . | . . Rewire . | . . Trap . | . . Miscellaneous . | . . Route ------- -11/Scrapyard -10/Materials (discovered 2 exits: [*Mat] / Min) History --------- Turn | Location | Event 3 | -11/Scrapyard | Discovered new exit (range 15) 66 | -11/Scrapyard | Entered Materials 155 | -10/Materials | Identified exit to Mines 272 | -10/Materials | Discovered new exit (range 4) 302 | -10/Materials | Repaired Hover Unit 324 | -10/Materials | Build established: Mutant 430 | -10/Materials | Lost 3 parts (1p2n) 638 | -10/Materials | Core integrity fell below 50% 653 | -10/Materials | Core integrity fell below 20% 655 | -10/Materials | Destroyed by G-47 Trooper with Particle Gun Last Messages --------------- U-05 Engineer lays Concrete. Dropped Tractor Beam. Dropped Mining Laser. Acquired Grenade Launcher. Acquired Assault Rifle. Acquired Signal Interpreter. Acquired Hcp. Storage Unit. Connecting with Terminal... Feedback: System corruption (+1%). ALERT: Suspicious activity at Terminal M003. Dispatching Investigation squad. Aluminum Leg destroyed. G-34 Mercenary destroyed. Destroyed Heat Sink. Flight Unit destroyed. [Achievement: Let's See Who's Tougher] Grenade Launcher destroyed. Destroyed Grenade Launcher. R-06 Scavenger collects Sml. Laser. U-05 Engineer builds a Wall. Map ----- +----------------------------------------------------+ | | | | | | | | | | | | | | | | | | | | | | | | | | | | | | | | | | | | | ?###############???????????????????????????????? | | ?# #???????????????????????????????? | | ?# """ """ #???????????????????????????????? | | ?# """ """ "#???????????????????????????????? | | ?# """ """ T#??????######???????????????????? | | ?# "#?????## # ######??????????????? | | ?# ####### #??????????????? | | ?#######+####### ## @ #??????????????? | | ?????# ## gg #??????????????? | | ?????# ? * #??????????????? | | ?????#### ##### # %= #??????????????? | | ????????# #???## #### r #??????????????? | | ????????# ###### #?? #??????????????? | | ????????# # # #??# gg #??????????????? | | ######### + T # #??# #g#####??????????????? | | # * !## # # #?? # auu ?????????????????? | | #"""! |## # # ##??" ? ????????????????? | | #""" ## + # #??"Y ? ???????????????? | | #""" ## # # # "" ? ??????????????? | | # ## #### #[ # """?????????????? | | #""" # %#####%[ ## ""???????????????? | | #""" + *% # #####? ???????????????????? | | #""" # = # #??????????????????????????? | | # # ## ## = #??????????????????????????? | | #""" ##+#######= ##?????????????????????????? | | #""" # [[ ##?????????????????????????? | | #""" # #####??????????????????????? | | # # # ???????????????????????? | | ######## # "????????????????????????? | | ???????# # ?? ??????????????????????? | | ???????# # #??? ??????????????????????? | | ???????# # #??? ??? #?????????????????? | +----------------------------------------------------+ Best States ------------- Heat Dissipation 25 Energy Generation 10 Energy Capacity 125 Matter Stores 300 Matter Capacity 300 Sight Range 16 Robot Scan Range 14 Terrain Scan Density 10 Evasion (%) 55 Item Schematics ----------------- None Robot Schematics ------------------ None Fabricated ------------ Nothing Alien Tech Used ----------------- None Achievements -------------- Dynamic Key Let's See Who's Tougher Challenges ------------ None Game ------ Seed HugeHoverMultirail Manual? 0 Play Time 00:12:01 Cumulative 4.8 hours Start 2024.04.01 @ 00:39:17 End 2024.04.01 @ 00:49:39 Sessions 1 Manual Loads 0 Difficulty Rogue Special Mode None Game No. 7 Rogue 7 Adventurer 0 Explorer 0 Win Type - Total 0 Types 0/0/0/0/0/0/0/0/0 Lore% 11 Gallery% 9 Achievement% 11 Wizard Run 0 Options --------- Layout 1 ASCII 0 Keyboard 0 Movement Mouse Keybinds 0 Fullscreen 1 Font 32/SmallcapsGlow Map View 50x35 Zoom Use 0% Tactical HUD 0 Map Filters NONE Filters NONE Steam 1 RUN: c97196f0-9f77-4a59-a136-dcd94334d9ad